 Dungeon Crawl Stone Soup version 0.25-a0-410-g53dbb631d1 (webtiles) character file.

Game seed: 15068584830975193985, levelgen mode: deterministic

1590 ChaosChampion the Conjurer (level 8, 0/53 (54) HPs)
             Began as a Demonspawn Wizard on Jan 13, 2020.
             Was an Initiate of Vehumet.
             Succumbed to a killer bee's poison
             ... on level 7 of the Dungeon.
             The game lasted 00:43:31 (8903 turns).

ChaosChampion the Conjurer (Demonspawn Wizard)      Turns: 8903, Time: 00:43:32

HP:   0/53 (54)     AC:  7    Str:  6 (9)  XL:     8   Next: 61%
MP:   6/18          EV: 12    Int: 19 (21) God:    Vehumet [......]
Gold: 120           SH:  0    Dex: 11 (14) Spells: 18/21 levels left

rFire    . . .     SeeInvis .   r - +2 great sword (distort)
rCold    . . .     Gourm    .   (shield currently unavailable)
rNeg     . . .     Faith    +   c - +0 robe
rPois    .         Spirit   .   b - +0 hat
rElec    .         Reflect  .   k - +0 cloak
rCorr    .         Harm     .   A - +0 pair of gloves
MR       .....                  (no boots)
Stlth    ++........             B - amulet of faith
HPRegen  0.17/turn              y - +3 ring of dexterity
MPRegen  0.16/turn              (no ring)

@: lethally poisoned (0 -> -7)
A: horns 1, icy blue scales 2, demonic guardian 1, powered by pain 1
a: Renounce Religion


You were on level 7 of the Dungeon.
You worshipped Vehumet.
Vehumet was noncommittal.
You were not hungry.

You visited 2 branches of the dungeon, and saw 8 of its levels.

You collected 255 gold pieces.
You spent 135 gold pieces at shops.

Inventory:

Hand Weapons
 h - a +2 vampiric dagger
 m - a +0 whip
 q - a +2 hunting sling of freezing
 r - a +2 great sword of distortion (weapon)
 t - a +0 dagger of flaming
 x - a +1 spear of venom
Missiles
 n - 3 atropa-tipped darts (quivered)
Armour
 a - a +0 robe
 b - a +0 hat (worn)
 c - a +0 robe (worn)
 k - a +0 cloak (worn)
 u - a +2 helmet
 A - a +0 pair of gloves (worn)
Magical Staves
 o - an uncursed staff of power {unknown}
 H - a cursed staff of earth {unknown}
Jewellery
 l - an uncursed amulet of rage
 y - a +3 ring of dexterity (left hand)
 B - an amulet of faith (around neck)
Wands
 v - a wand of random effects (18)
Scrolls
 e - 3 scrolls of amnesia
 g - a scroll of identify
 p - a scroll of fear
 w - 4 scrolls of remove curse
 E - a scroll of immolation
 F - a scroll of enchant armour
Potions
 f - a potion of lignification
 i - a potion of berserk rage
 j - 3 potions of flight
 s - a potion of experience {unknown}
 z - 2 potions of might
 C - a potion of brilliance
 D - a potion of cancellation
 G - 2 potions of curing
Comestibles
 d - 5 rations


   Skills:
 + Level 1.2 Fighting
 - Level 0.9(1.2) Short Blades
 + Level 1.1(1.2) Long Blades
 - Level 1.7 Dodging
 - Level 1.7 Stealth
 + Level 1.1 Unarmed Combat
 + Level 7.2 Spellcasting
 * Level 7.5 Conjurations
   Level 1.0 Summonings
 - Level 1.0 Translocations


You had 18 spell levels left.
You knew the following spells:

 Your Spells              Type           Power        Failure   Level  Hunger
a - Magic Dart            Conj           ####         1%          1    None
b - Blink                 Tloc           N/A          10%         2    None

Your spell library contained the following spells:

 Spells                   Type           Power        Failure   Level  Hunger
 Conjure Flame            Conj/Fire      ###.....     6%          3    #......
 Apportation              Tloc           ##....       7%          1    None
 Summon Small Mammal      Summ           ##..         7%          1    None
 Animate Skeleton         Necr           N/A          10%         1    None
 Corona                   Hex            #......      10%         1    None
 Call Imp                 Summ           ##......     10%         2    None
 Mephitic Cloud           Conj/Pois/Air  ###.....     11%         3    #......
 Slow                     Hex            #.......     16%         2    None
 Call Canine Familiar     Summ           ##......     21%         3    #......
 Summon Guardian Golem    Hex/Summ       #.......     24%         3    #......
 Summon Ice Beast         Ice/Summ       #.......     63%         4    ###....
 Summon Lightning Spire   Summ/Air       #.......     63%         4    ###....


Dungeon Overview and Level Annotations

Branches:
Dungeon (7/15)             Temple (1/1) D:6

Altars:
Cheibriados
Dithmenos
Elyvilon
Fedhas
Gozag
Hepliaklqana
Kikubaaqudgha
Makhleb
Nemelex Xobeh
Okawaru
Qazlal
Ru
Sif Muna
Trog
Uskayaw
Vehumet
Wu Jian
Xom
Yredelemnul
Zin
The Shining One

Shops:
D:6 *


Innate Abilities, Weirdness & Mutations

You have a pair of small horns on your head.
You are mostly covered in icy blue scales. (AC +3)
A weak demonic guardian rushes to your aid.
You sometimes gain a little power by taking damage.


Message History

Your iron imp barely misses the killer bee.
Casting: Blink (safe; 10% risk of failure)
Confirm with . or Enter, or press ? or * to list all spells.
You blink.
You feel sick.
The killer bee stings your iron imp but does no damage.
The killer bee stings your iron imp!
Your iron imp hits the killer bee but does no damage.
Casting: Blink (safe; 10% risk of failure)
Confirm with . or Enter, or press ? or * to list all spells.
You blink.
You feel sick.
Casting: Blink (safe; 10% risk of failure)
Confirm with . or Enter, or press ? or * to list all spells.
You blink.
You feel sick.
Your iron imp disappears in a puff of smoke!
The killer bee stings you!
* * * LOW HITPOINT WARNING * * *
Casting: Blink (safe; 10% risk of failure)
Confirm with . or Enter, or press ? or * to list all spells.
You blink.
You die...

## #######.#
#.##...#####
##...y.@...<#
##.#..§.######
## #.##.§##.#
##. #.#§y.#
#.# #..
##...§# #.#.
##. ##..## ...
## ##.# ##....
# #.###....#.
# ##....#


You could see a killer bee.

Vanquished Creatures
  2 sky beasts
  An ogre (D:4)
  A bullfrog (D:6)
  A scorpion (D:5)
  A killer bee (D:7)
  A howler monkey (D:4)
  2 crimson imps (D:5)
  3 orc priests
  5 hounds
  An iguana (D:5)
  6 orc wizards
  5 worker ants
  A hound zombie (D:4)
  A gnoll (D:4)
  13 adders
  2 shadow imps
  An adder skeleton (D:5)
  4 worms
  2 dart slugs (D:2)
  5 leopard geckos
  29 orcs
  2 giant cockroaches
  13 goblins
  4 hobgoblins (D:3)
  5 jackals
  4 quokkas
  2 ball pythons
  4 bats
  10 frilled lizards
  4 kobolds
  22 rats
157 creatures vanquished.

Vanquished Creatures (collateral kills)
  A necrophage (D:5)
  An ogre (D:4)
  A centaur (D:6)
  A killer bee (D:7)
4 creatures vanquished.

Grand Total: 161 creatures vanquished

Notes
Turn   | Place    | Note
-------+----------+-------------------------------------------
     0 | D:1      | ChaosChampion the Demonspawn Wizard began the quest for the
                  | Orb.
     0 | D:1      | Reached XP level 1. HP: 13/13 MP: 4/4
   235 | D:1      | Gained mutation: You are partially covered in icy blue
                  | scales. (AC +2) [demonic ancestry]
   235 | D:1      | Reached XP level 2. HP: 19/19 MP: 3/6
   864 | D:1      | Reached XP level 3. HP: 21/24 MP: 4/8
  1896 | D:2      | Found a burning altar of Makhleb.
  1975 | D:2      | Reached skill level 1 in Unarmed Combat
  2248 | D:2      | Gained mutation: You are mostly covered in icy blue scales.
                  | (AC +3) [demonic ancestry]
  2248 | D:2      | Reached XP level 4. HP: 30/30 MP: 4/9
  2401 | D:3      | Learned a level 2 spell: Blink
  3079 | D:3      | Gained mutation: You sometimes gain a little power by
                  | taking damage. [demonic ancestry]
  3079 | D:3      | Reached XP level 5. HP: 11/35 MP: 2/11
  3428 | D:3      | Found a faded altar of an unknown god.
  3961 | D:4      | Gained mutation: A weak demonic guardian rushes to your
                  | aid. [demonic ancestry]
  3961 | D:4      | Reached XP level 6. HP: 38/42 MP: 6/13
  4149 | D:4      | Reached skill level 5 in Spellcasting
  4528 | D:4      | Reached skill level 5 in Conjurations
  4528 | D:4      | Gained mutation: You have a pair of small horns on your
                  | head. [demonic ancestry]
  4528 | D:4      | Reached XP level 7. HP: 26/47 MP: 0/14
  5191 | D:3      | Reached skill level 1 in Translocations
  6018 | D:5      | Entered Level 5 of the Dungeon
  6181 | D:5      | Reached XP level 8. HP: 45/52 MP: 4/17
  7165 | D:5      | Found a glowing golden altar of the Shining One.
  7493 | D:6      | Noticed a two-headed ogre
  7554 | D:6      | Reached skill level 1 in Fighting
  7741 | D:6      | Found a staircase to the Ecumenical Temple.
  8035 | D:6      | Found Inlocval's General Store.
  8041 | D:6      | Bought a scroll of enchant armour for 75 gold pieces
  8041 | D:6      | Bought 2 potions of curing for 60 gold pieces
  8139 | Temple   | Entered the Ecumenical Temple
  8719 | D:7      | Noticed a hippogriff
  8827 | D:7      | Found a radiant altar of Vehumet.
  8833 | D:7      | Became a worshipper of Vehumet
  8849 | D:7      | Reached skill level 1 in Long Blades
  8902 | D:7      | HP: 1/53 [killer bee (8)]
  8903 | D:7      | Succumbed to a killer bee's poison

Levels and vault maps discovered:
D:1:      erik_arrival_orb_chamber, layout_loops_cross, minivault_4
D:2:      layout_loops_ring, old_standard_altar, first_ration,
          grunt_decor_arrowhead
D:3:      layout_rooms, chequers_ecumenical_altar_island,
          kennysheep_generic_room_12
D:4:      minmay_razor_zed, layout_cave_pods, minivault_24
D:5:      minmay_general_purpose_star, layout_basic,
          lemuel_coloured_pillars_altar, serial_park_tiny_pond,
          hangedman_minor_gate_pass
D:6:      layout_loops_ring, minmay_temple_entry_ruins, serial_shops,
          kennysheep_little_box, kennysheep_generic_room_14
D:7:      layout_layer_cave, vehumet_crystals
Temple:   dpeg_five_rooms_temple

Skill      XL: |  1  2  3  4  5  6  7  8 |
---------------+-------------------------+-----
Conjurations   | 2 3 4 5 6 7 |  7.5
Unarmed Combat | 1 |  1.1
Spellcasting   | 4 5 6 7 |  7.2
Translocations | 1 |  1.0
Fighting       | 1 |  1.2
Long Blades    | 1 |  1.1
Short Blades   | |  0.9
Dodging        | |  1.7
Stealth        | |  1.7
Summonings     | |  1.0

Action                   |  1- 3 |  4- 6 |  7- 9 || total
-------------------------+-------+-------+-------++-------
Melee: Unarmed           |    15 |       |       ||    15
       Dagger            |    39 |   115 |    52 ||   206
       Headbutt          |       |       |     9 ||     9
       Great sword       |       |       |    14 ||    14
 Cast: Magic Dart        |   123 |   163 |   225 ||   511
       Blink             |       |       |    24 ||    24
  Use: Scroll            |       |     1 |     7 ||     8
       Potion            |       |       |     9 ||     9
  Eat: Chunk             |     3 |     4 |     4 ||    11
       Ration            |       |     1 |     3 ||     4
Armor: Robe              |    17 |    38 |    35 ||    90
Dodge: Dodged            |    43 |    86 |   103 ||   232
       Rpst.: Great sword |       |       |    12 ||    12

Table legend:
 A = Non-vault XP
 B = Vault XP
 C = Vault XP percentage of total XP
 D = Non-vault monster count
 E = Vault monster count
 F = Vault count percentage of total count
                 A         B        C        D         E       F
            +---------+---------+-------+---------+---------+-------
      Total |    2042 |     230 |  10.1 |     131 |      30 |  18.6
            +---------+---------+-------+---------+---------+-------
        D:1 |      36 |      12 |  25.0 |      23 |      12 |  34.3
        D:2 |      58 |       0 |   0.0 |      21 |       0 |   0.0
        D:3 |     217 |       4 |   1.8 |      26 |       2 |   7.1
        D:4 |     756 |      58 |   7.1 |      30 |       8 |  21.1
        D:5 |     543 |     131 |  19.4 |      15 |       6 |  28.6
        D:6 |     317 |      25 |   7.3 |      14 |       2 |  12.5
        D:7 |     115 |       0 |   0.0 |       2 |       0 |   0.0
            +---------+---------+-------+---------+---------+-------
